 Dungeon Crawl Stone Soup version 0.29.1-1-gd02db6906a (webtiles) character file.

Game seed: 18305593694981426978

779 SSird the Cleaver (level 8, 0/58 HPs)
             Began as a Formicid Fighter on Sept 29, 2022.
             Was a Follower of Okawaru.
             Slain by Eustachio
             ... wielding a +0 rapier
              (8 damage)
             ... on level 5 of the Dungeon.
             The game lasted 00:07:25 (5355 turns).

SSird the Cleaver (Formicid Fighter)                Turns: 5355, Time: 00:07:26

Health: 0/58       AC:  2    Str: 22    XL:     8   Next: 10%
Magic:  8/8        EV: 10    Int: 15    God:    Okawaru [*.....]
Gold:   211        SH:  6    Dex: 19    Spells: 7/7 levels left

rFire   . . .      SeeInvis +   a - +0 war axe
rCold   . . .      Faith    .   c - +0 buckler
rNeg    . . .      Spirit   .   b - +0 scale mail
rPois   .          Reflect  .   (helmet unavailable)
rElec   .          Harm     .   C - scarf {repulsion}
rCorr   .          Rampage  .   (no gloves)
Will    .....                   (no boots)
Stlth   +.........              (no amulet)
HPRegen 0.19/turn               o - +6 ring of intelligence
MPRegen 0.11/turn               q - +6 ring of dexterity

@: mighty, corroded, repel missiles
A: permanent stasis, dig shafts and tunnels, antennae 3, four strong arms
a: Dig, Shaft Self, Renounce Religion, Heroism


You were on level 5 of the Dungeon.
You worshipped Okawaru.
Okawaru was aware of your devotion.
You visited 1 branch of the dungeon, and saw 5 of its levels.

You collected 211 gold pieces.

Inventory:

Hand Weapons
 a - a +0 war axe (weapon)
Armour
 b - a +0 scale mail (worn)
 c - a +0 buckler (worn)
 j - a +0 plate armour
 C - a scarf of repulsion (worn)
Jewellery
 o - a +6 ring of intelligence (left hand)
 q - a +6 ring of dexterity (right hand)
 A - a ring of resist corrosion
Wands
 x - a wand of polymorph (5)
Scrolls
 e - 6 scrolls of identify {unknown}
 f - 3 scrolls of immolation {unknown}
 h - a scroll of enchant armour {unknown}
 i - 3 scrolls of teleportation {unknown}
 k - 2 scrolls of poison {unknown}
 p - 2 scrolls of enchant weapon {unknown}
 r - a scroll of magic mapping {unknown}
 t - a scroll of noise {unknown}
 u - a scroll of amnesia {unknown}
 y - 2 scrolls of fear {unknown}
 B - a scroll of blinking {unknown}
Potions
 d - 2 potions of might
 g - a potion of flight {unknown}
 l - a potion of berserk rage {unknown}
 m - 2 potions of brilliance {unknown}
 n - 5 potions of curing {unknown}
 s - 2 potions of mutation {unknown}
 v - 3 potions of haste {unknown}
 w - a potion of magic {unknown}
 z - a potion of attraction {unknown}


   Skills:
 - Level 3.2 Fighting
 + Level 8.0 Axes
 - Level 3.2 Armour
 + Level 2.3 Dodging
 + Level 1.5 Stealth
 - Level 4.0 Shields


You had 7 spell levels left.
You didn't know any spells.
Your spell library contained the following spells:

 Spells                   Type           Power      Damage    Failure   Level
 Shock                    Conj/Air       0%         1d3       65%         1
 Airstrike                Air            0%         2d(0-16)  100%        4
 Swiftness                Air            Unusable   N/A       N/A         3

Dungeon Overview and Level Annotations

Branches:
Dungeon (5/15)             Temple (0/1) D:5

Altars:
Dithmenos
Hepliaklqana
Nemelex Xobeh
Okawaru
Qazlal
Sif Muna
Wu Jian
Xom
Yredelemnul

Annotations:
D:5 Eustachio


Innate Abilities, Weirdness & Mutations

You cannot be hasted, slowed, berserked, paralysed or teleported.
You can dig through walls and to a lower floor.
You have a pair of large antennae on your head. (SInv)
Your four strong arms can wield two-handed weapons with a shield.


Message History

The jelly closely misses you.
You hit the jelly.
Your hands burn!
The jelly is lightly wounded.
The jelly barely misses you.
You hit the jelly.
Your hands burn!
The jelly is moderately wounded.
The jelly misses you.
You closely miss Eustachio.
Eustachio is heavily wounded.
You slash the jelly! The acid corrodes you!
Your hands burn!
Eustachio mumbles some strange words.
You block the jelly's attack.
You miss Eustachio.
Eustachio is heavily wounded.
You slash the jelly!
You kill the jelly!
Okawaru accepts your kill.
You closely miss the bat. The bat closely misses you.
Eustachio hits you with a +0 rapier. The bat hits you but does no damage.
You hit Eustachio.
Eustachio is severely wounded.
You hit the bat but do no damage. The bat hits you but does no damage.
Eustachio hits you with a +0 rapier!
* * * LOW HITPOINT WARNING * * *
The bat hits you.
* * * LOW HITPOINT WARNING * * *
You hit Eustachio.
Eustachio is severely wounded.
You hit the bat but do no damage. The bat hits you but does no damage.
You block Eustachio's attack.
Unknown command.
You feel very mighty all of a sudden. The bat completely misses you.
Eustachio yells, "Perjured traitor, DIE!"
Eustachio barely misses you. You block the bat's attack.
You barely miss Eustachio.
Eustachio is severely wounded.
You miss the bat. You block the bat's attack.
Eustachio hits you with a +0 rapier!
You die...

.## #.# . #.# .
#.# #.# #.# #.#
######.#
#.b....#
###.#####@######
#........@#
#..........#
#...##.....# 8..
#.....# #
#.....# #....##
#....# #....#


You could see Eustachio and a bat (summoned).

Vanquished Creatures
  An ice beast (D:4)
  An ogre (D:5)
  2 phantoms (D:5)
  A necrophage (D:4)
  A hound (D:5)
  An orc priest (D:3)
  2 jellies (D:5)
  A gnoll bouda (D:5)
  12 gnolls
  5 adders
  A white imp (D:5)
  2 worms
  A dart slug (D:3)
  10 orcs
  6 ball pythons
  3 bats
  4 endoplasms
  2 giant cockroaches
  3 goblins
  6 hobgoblins
  3 jackals (D:4)
  3 quokkas
  3 frilled lizards
  5 kobolds
  5 rats
84 creatures vanquished.

Vanquished Creatures (others)
  2 fungi (D:3)
  2 plants (D:3)
4 creatures vanquished.

Grand Total: 88 creatures vanquished

Notes
Turn   | Place    | Note
-------+----------+-------------------------------------------
     0 | D:1      | SSird the Formicid Fighter began the quest for the Orb.
     0 | D:1      | Reached XP level 1. HP: 18/18 MP: 1/1
   504 | D:1      | Reached XP level 2. HP: 24/24 MP: 2/2
  1096 | D:1      | Reached skill level 3 in Axes
  1634 | D:2      | Reached XP level 3. HP: 16/29 MP: 3/3
  2458 | D:1      | Reached XP level 4. HP: 20/35 MP: 4/4
  2675 | D:2      | Reached skill level 4 in Axes
  3124 | D:3      | Reached skill level 1 in Dodging
  3124 | D:3      | Reached XP level 5. HP: 9/41 MP: 5/5
  3519 | D:3      | Found a hazy altar of Hepliaklqana.
  3540 | D:3      | Reached skill level 1 in Stealth
  3542 | D:3      | Reached skill level 5 in Axes
  3764 | D:3      | Found a basalt altar of Yredelemnul.
  3765 | D:3      | Found a stormy altar of Qazlal.
  3765 | D:3      | Found a sparkling altar of Nemelex Xobeh.
  3766 | D:3      | Found a shadowy altar of Dithmenos.
  3768 | D:3      | Found a shimmering altar of Xom.
  3769 | D:3      | Found an iron altar of Okawaru.
  3778 | D:3      | Became a worshipper of Warmaster Okawaru
  3873 | D:3      | Found a faded altar of an unknown god.
  3901 | D:4      | Reached XP level 6. HP: 43/47 MP: 6/6
  4016 | D:4      | Noticed an ice beast
  4031 | D:4      | Killed an ice beast
  4032 | D:4      | Reached skill level 6 in Axes
  4425 | D:4      | Found a shimmering blue altar of Sif Muna.
  4522 | D:5      | Entered Level 5 of the Dungeon
  4563 | D:5      | Reached XP level 7. HP: 50/52 MP: 7/7
  4573 | D:5      | Found an ornate altar of the Wu Jian Council.
  4999 | D:5      | Reached skill level 7 in Axes
  5104 | D:5      | Reached * piety under Okawaru
  5187 | D:5      | Found a staircase to the Ecumenical Temple.
  5275 | D:5      | Reached skill level 8 in Axes
  5275 | D:5      | Reached XP level 8. HP: 58/58 MP: 8/8
  5326 | D:5      | Noticed Eustachio
  5355 | D:5      | Slain by Eustachio

Illustrated notes

Levels and vault maps discovered:
D:1:      dpeg_arrival_pond, layout_basic
D:2:      layout_loops_ring
D:3:      layout_loops_ring, minitemple, shapermc_ecumenical_altar_petra
D:4:      layout_rooms, mainiacjoe_overflow_alcove_1
D:5:      layout_basic, mainiacjoe_overflow_24_doors,
          minmay_temple_entry_stoned_glass, serial_corexii_hall,
          corexii_hall_statues_deadend, corexii_hall_statues_x, uniq_eustachio

Skill      XL: |  1  2  3  4  5  6  7 |
---------------+----------------------+-----
Axes           | 3 4 5 6 8 |  8.0
Dodging        | 1 2 |  2.3
Stealth        | 1 |  1.5
Fighting       | |  3.2
Armour         | |  3.2
Shields        | |  4.0

Action                   |  1- 3 |  4- 6 |  7- 9 || total
-------------------------+-------+-------+-------++-------
Melee: War axe           |    72 |   125 |   104 ||   301
  Use: Potion            |       |       |     1 ||     1
Armor: Scale mail        |    32 |    42 |    33 ||   107
Dodge: Dodged            |    33 |    48 |    47 ||   128
       Repelled          |       |       |     2 ||     2
Block: Buckler           |    14 |    36 |    31 ||    81
